 Dungeon Crawl Stone Soup version 0.25-a0-578-gc91f01c39c (webtiles) character file.

Game seed: 3836585782985541307, levelgen mode: deterministic

632 Flugslaktarn the Chopper (level 7, -3/64 HPs)
             Began as a Deep Dwarf Fighter on Mar 5, 2020.
             Slain by an orc warrior
             ... wielding a +0 glaive
              (16 damage)
             ... on level 6 of the Dungeon.
             The game lasted 00:01:13 (1585 turns).

Flugslaktarn the Chopper (Deep Dwarf Fighter)       Turns: 1585, Time: 00:01:14

Health: -3/64      AC:  8    Str: 21    XL:     7   Next: 24%
Magic:  1/1        EV:  7    Int:  9    God:
Gold:   275        SH: 10    Dex: 12    Spells: 6/6 levels left

rFire    . . .     SeeInvis .   a - +0 war axe
rCold    . . .     Gourm    .   c - +0 kite shield
rNeg     . . .     Faith    .   b - +0 scale mail
rPois    .         Spirit   .   (no helmet)
rElec    .         Reflect  .   (no cloak)
rCorr    .         Harm     .   w - +0 pair of gloves
MR       +....                  (no boots)
Stlth    ..........             (no amulet)
HPRegen  0.00/turn              (no ring)
MPRegen  0.07/turn              (no ring)

@: non-regenerating
A: damage resistance, heal wounds, sense surroundings 1, no regeneration
a: Heal Wounds


You were on level 6 of the Dungeon.
You were not hungry.

You visited 1 branch of the dungeon, and saw 6 of its levels.

You collected 275 gold pieces.

Inventory:

Hand Weapons
 a - a +0 war axe (weapon)
Missiles
 k - a throwing net (quivered)
Armour
 b - a +0 scale mail (worn)
 c - a +0 kite shield (worn)
 w - a +0 pair of gloves (worn)
   (You found it on level 5 of the Dungeon)
Jewellery
 h - an uncursed amulet of the acrobat {unknown}
   (You found it on level 1 of the Dungeon)
 o - an uncursed amulet of the gourmand {unknown}
   (You found it on level 3 of the Dungeon)
 x - a +4 amulet of reflection {unknown}
   (You found it on level 5 of the Dungeon)
Scrolls
 i - 3 scrolls of teleportation {unknown}
 j - a scroll of enchant weapon {unknown}
 l - a scroll of fog {unknown}
 n - 2 scrolls of magic mapping {unknown}
 q - 3 scrolls of identify {unknown}
 r - a scroll of enchant armour {unknown}
 s - a scroll of remove curse {unknown}
 t - a scroll of fear {unknown}
 v - a scroll of noise {unknown}
Potions
 d - 2 potions of might
 f - 2 potions of curing {unknown}
 g - 2 potions of heal wounds {unknown}
 m - a potion of berserk rage {unknown}
 p - a potion of stabbing {unknown}
Comestibles
 e - 4 rations
 u - a chunk of flesh


   Skills:
 + Level 4.1 Fighting
 * Level 5.8 Axes
 + Level 5.0 Armour
 + Level 5.0 Shields


You had 6 spell levels left.
You didn't know any spells.
Your spell library was empty.

Dungeon Overview and Level Annotations

Branches:
Dungeon (6/15)
 Temple: D:4-7

Altars:

Shops:
D:4 *%

Annotations:
D:6 Blork the orc, Pikel


Innate Abilities, Weirdness & Mutations

You are resistant to damage.
You can heal yourself by infusing magical energy.
You passively map a small area around you.
You do not regenerate.


Message History

You see here 2 arrows.
You fail to use your ability.
You block the quokka's attack. You block the slave's attack.
You feel much better. You block the quokka's attack.
The orc warrior hits you from afar with a +0 glaive!
The orc priest hits you but does no damage.
The slave hits you.
* * * LOW HITPOINT WARNING * * *
You miss the orc wizard.
The orc wizard is lightly wounded.
You slash the orc priest!
You kill the orc priest!
You hit the quokka. You hit the slave. The quokka closely misses you.
The orc priest invokes the aid of Beogh against you.
Beogh smites you!
* * * LOW HITPOINT WARNING * * *
The orc wizard gestures wildly while chanting.
The orc wizard blinks!
The orc warrior hits you from afar with a +0 glaive!!
You die...

* * **, ##.##### ,
* #......## * ,*
#........ *
*#........ ** , *,
oo......# , *
##op....##
#.#####.)p.o....
#.#...ยง@rKo.....
* ,*
#.#...##pp......
#.#.o.##c......# #
###........#####..
#.#..(.....#### .
, *
#.............>. *
#.#.......#####. *
#..<....#* * ,
#...........,


You could see Pikel, Blork the orc, an orc warrior, 4 slaves, a centaur, 2 orc
priests, an orc wizard and a quokka.

Vanquished Creatures
  2 ogres
  A scorpion (D:4)
  2 crimson imps
  A bullfrog zombie (D:5)
  A hound (D:4)
  An orc priest (D:6)
  A bullfrog skeleton (D:5)
  A worker ant (D:5)
  A killer bee zombie (D:5)
  A hound skeleton (D:4)
  7 gnolls
  4 adders
  A shadow imp (D:5)
  3 oozes
  2 worms (D:2)
  2 leopard geckos (D:5)
  3 orcs
  A ball python (D:1)
  A bat (D:1)
  A giant cockroach (D:5)
  A goblin (D:2)
  5 hobgoblins
  5 jackals
  2 quokkas
  A ball python skeleton (D:4)
  3 frilled lizards (D:2)
  A giant cockroach zombie (D:5)
  A jackal skeleton (D:5)
  2 kobolds
  A leopard gecko zombie (D:5)
  A quokka skeleton (D:5)
  3 rats
63 creatures vanquished.

Notes
Turn   | Place    | Note
-------+----------+-------------------------------------------
     0 | D:1      | Flugslaktarn the Deep Dwarf Fighter began the quest for the
                  | Orb.
     0 | D:1      | Reached XP level 1. HP: 20/20 MP: 1/1
   118 | D:2      | Reached XP level 2. HP: 13/27 MP: 2/2
   169 | D:2      | Reached XP level 3. HP: 18/33 MP: 3/3
   369 | D:4      | Reached XP level 4. HP: 39/42 MP: 3/3
   468 | D:4      | Reached XP level 5. HP: 44/49 MP: 3/3
   560 | D:4      | Found Ligioqic's Elemental Accessories.
   563 | D:4      | Noticed an ogre
   581 | D:4      | Killed an ogre
   581 | D:4      | Reached XP level 6. HP: 38/56 MP: 1/1
   773 | D:4      | Found Ycahapas's Food Shoppe.
   947 | D:5      | Entered Level 5 of the Dungeon
  1057 | D:5      | Reached skill level 5 in Axes
  1370 | D:5      | Reached XP level 7. HP: 23/64 MP: 2/2
  1391 | D:5      | Reached skill level 5 in Armour
  1391 | D:5      | Reached skill level 5 in Shields
  1573 | D:6      | Noticed Pikel
  1581 | D:6      | Noticed Blork the orc
  1585 | D:6      | Slain by an orc warrior

Levels and vault maps discovered:
D:1:      saegor_arrival_simple_d, layout_rooms, minmay_misc_feat_tiny,
          kennysheep_doodads
D:2:      layout_loops_ring
D:3:      layout_loops_corners, uniq_grinder
D:4:      layout_loops_cross, serial_shops, kennysheep_little_box,
          nicolae_elemental_shop
D:5:      layout_basic, first_ration
D:6:      layout_rooms, minmay_temple_entry_slanted, uniq_pikel,
          uniq_blork_the_orc

Skill      XL: |  1  2  3  4  5  6  7 |
---------------+----------------------+-----
Axes           | 3 4 5 |  5.8
Fighting       | 3 4 |  4.1
Armour         | 4 5 |  5.0
Shields        | 4 5 |  5.0

Action                   |  1- 3 |  4- 6 |  7- 9 || total
-------------------------+-------+-------+-------++-------
Melee: War axe           |    71 |   141 |    19 ||   231
 Abil: Heal Wounds       |     2 |     7 |     3 ||    12
  Eat: Chunk             |       |     2 |     1 ||     3
Armor: Scale mail        |    53 |    47 |    11 ||   111
Dodge: Dodged            |    29 |    40 |    15 ||    84
Block: Kite shield       |    36 |    86 |    21 ||   143

Table legend:
 A = Non-vault XP
 B = Vault XP
 C = Vault XP percentage of total XP
 D = Non-vault monster count
 E = Vault monster count
 F = Vault count percentage of total count
                 A         B        C        D         E       F
            +---------+---------+-------+---------+---------+-------
      Total |     903 |       0 |   0.0 |      63 |       0 |   0.0
            +---------+---------+-------+---------+---------+-------
        D:1 |       8 |       0 |   0.0 |       5 |       0 |   0.0
        D:2 |      80 |       0 |   0.0 |      20 |       0 |   0.0
        D:3 |       3 |       0 |   0.0 |       1 |       0 |   0.0
        D:4 |     374 |       0 |   0.0 |      15 |       0 |   0.0
        D:5 |     391 |       0 |   0.0 |      19 |       0 |   0.0
        D:6 |      47 |       0 |   0.0 |       3 |       0 |   0.0
            +---------+---------+-------+---------+---------+-------
